Canadiens vs Maple Leafs

Created - 22 février 2018 at 20:09

Goals
1 2 3 T
Canadiens 0 3 0 3
Maple Leafs 1 0 0 1
Shots
1 2 3 T
Canadiens 9 18 5 32
Maple Leafs 11 15 12 38

1st period

1. Maple Leafs , Mike Hoffman 23 (Jesper Bratt 9) at 10:24

Penalties :
Blake Comeau (TOR) for Interference (Minor) at 0:22, Blake Comeau (TOR) for Hooking (Minor) at 5:58, Nicklas Jensen (TOR) for Hooking (Minor) at 14:51

2nd period

2. Canadiens , Antoine Roussel 10 (Julian Melchiori 1, Andreas Athanasiou 11) at 2:23
3. Canadiens , Max Pacioretty 17 (MATHEW BARZAL 21, Patrick Marleau 24) at 11:37
4. Canadiens , Reilly Smith 13 (Bryan Little 23) at 19:31 (SH)

Penalties :
Nikolaj Ehlers (TOR) for High sticking (Minor) at 12:17, Chris Kreider (MTL) for Hooking (Minor) at 18:33

3rd period

No Goal

Penalties :
Patrick Maroon (TOR) for Hooking (Minor) at 7:16

Goalie Stats

Brian Elliott (MTL), 37 saves from 38 shots - (0,974), W, 10-5-0, 60:00 minutes
Marc-Andre Fleury (TOR), 29 saves from 32 shots - (0,906), L, 17-22-6, 60:00 minutes

Players Stats for Canadiens

Player Name              G  A  P  +/- PIM S  H  SB GA TA FO     MP     PP MP  PK MP  
------------------------------------------------------------------------------------
Alexei Emelin            0  0  0   2  0   2  4  3  0  2  0/0    15:20   0:00   0:31 
Andreas Athanasiou       0  1  1   1  0   3  0  0  0  1  3/5    10:53   0:00   0:00 
Antoine Roussel          1  0  1   1  0   3  2  0  1  0  0/0    12:43   0:00   1:43 
Brent Seabrook           0  0  0  -1  0   0  1  1  0  0  0/0    22:27   4:20   0:00 
Brett Pesce              0  0  0   1  0   0  1  1  1  1  0/0    21:27   4:49   1:28 
Bryan Little             0  1  1   0  0   1  0  0  0  1  8/21   18:13   4:54   0:16 
Chris Kreider            0  0  0  -1  2   3  1  0  1  0  1/2    18:03   4:54   0:00 
Francois Beauchemin      0  0  0  -1  0   0  0  0  0  0  0/0    22:27   4:34   1:28 
Jake Muzzin              0  0  0   2  0   1  1  2  0  0  0/0    22:26   5:06   0:31 
Julian Melchiori         0  1  1   1  0   2  2  1  0  0  0/0    15:53   1:01   0:00 
MATHEW BARZAL            0  1  1   1  0   4  1  2  0  0  8/15   17:51   5:01   0:09 
Max Pacioretty           1  0  1   1  0   3  1  0  2  0  1/2    17:42   5:01   0:00 
Mitchell Marner          0  0  0  -1  0   2  2  0  1  0  0/1    13:27   0:00   0:00 
Nino Niederreiter        0  0  0   0  0   0  3  0  0  0  0/0    15:52   4:54   0:00 
Patrick Marleau          0  1  1   1  0   2  1  1  1  0  0/0    17:33   4:52   0:00 
Reilly Smith             1  0  1   1  0   1  0  0  1  0  0/0    11:38   0:09   0:07 
Ryan Strome              0  0  0   0  0   2  1  0  0  0  2/6    13:12   0:00   1:43 
Sven Baertschi           0  0  0   1  0   3  0  0  3  0  0/0    10:53   0:00   0:00 

Players Stats for Maple Leafs

Player Name              G  A  P  +/- PIM S  H  SB GA TA FO     MP     PP MP  PK MP  
------------------------------------------------------------------------------------
Blake Comeau             0  0  0  -1  4   0  1  0  0  1  1/2    16:12   1:13   1:08 
Bobby Ryan               0  0  0   0  0   0  0  0  0  0  0/0    13:57   0:46   1:00 
Brian Campbell           0  0  0  -1  0   0  0  1  0  0  0/0    12:03   0:00   0:00 
Fredrik Claesson         0  0  0   0  0   0  0  0  0  1  0/0     5:30   0:00   0:00 
Hampus Lindholm          0  0  0  -1  0   2  2  5  0  1  0/0    23:51   1:16   5:56 
Jeff Petry               0  0  0  -1  0   0  0  2  0  1  0/0    23:51   1:16   5:56 
Jesper Bratt             0  1  1   0  0   1  0  0  1  0  0/0    14:05   0:46   0:38 
Lars Eller               0  0  0   0  0   1  1  0  0  0  3/3    11:42   0:00   0:03 
Logan Couture            0  0  0  -1  0   9  3  0  0  1  18/31  21:44   1:13   5:18 
Mike Hoffman             1  0  1   0  0   4  2  2  0  0  5/7    15:42   0:46   2:46 
Mikhail Sergachev        0  0  0   0  0   0  0  2  0  1  0/0    18:36   0:43   3:59 
Nicklas Jensen           0  0  0  -1  2   1  0  1  0  1  0/0     9:02   0:00   0:00 
Nikolaj Ehlers           0  0  0  -1  2   12 1  1  1  1  1/4    21:05   1:13   4:19 
Patrick Maroon           0  0  0   0  2   4  3  0  3  0  0/0    14:09   0:00   1:37 
Sergey Kalinin           0  0  0  -1  0   1  0  2  0  0  0/0     9:03   0:00   0:00 
Stephen Gionta           0  0  0  -1  0   1  2  0  0  1  1/5     9:03   0:00   0:00 
Steven Santini           0  0  0   0  0   0  0  1  0  0  0/0     5:30   0:00   0:00 
Toby Enstrom             0  0  0   0  0   2  0  0  0  2  0/0    18:36   0:43   3:59 
Tom Kostopoulos          0  0  0   0  0   0  0  0  0  0  0/0    14:16   0:00   3:01 
Troy Stecher             0  0  0  -1  0   0  0  2  0  0  0/0    12:03   0:00   0:00 

3 Stars

1 - Brian Elliott (MTL)
2 - Antoine Roussel (MTL)
3 - Max Pacioretty (MTL)

Power Play

Canadiens - 0 on 5 Attempt(s) - 0,00%
Maple Leafs - 0 on 1 Attempt(s) - 0,00%

Penalty Kill

Canadiens - 1 on 1 Attempt(s) - 100,00% - Score 1 goal in Penalty Kill
Maple Leafs - 5 on 5 Attempt(s) - 100,00% - Score 0 goal in Penalty Kill

Team Stat

Canadiens - Hits : 21 - Faceoff Wins : 23 - Blocked Shots : 11 - Penalty Minutes : 2
Maple Leafs - Hits : 15 - Faceoff Wins : 29 - Blocked Shots : 19 - Penalty Minutes : 10

Official

Referees : Francois StLaurent and Chris Rooney
Linesman : Scott Driscoll and Brian Murphy

Game Notes

No Game Note

Finance

Level 1 -- Attendance: 3761 (62,68%) -- Ticket Income 413 710 $
Level 2 -- Attendance: 3743 (74,86%) -- Ticket Income 243 295 $
Level 3 -- Attendance: 1352 (67,60%) -- Ticket Income 60 840 $
Level 4 -- Attendance: 4000 (100,00%) -- Ticket Income 88 000 $
Luxury Box -- Attendance: 679 (67,90%) -- Ticket Income 152 775 $
Game was played at the Air Canada Center.
Total Attendance: 13535 (75,19%)
Total Ticket Income: 958 620 $
Other Income: 469 724 $
Total Income: 1 428 344 $

Canadiens

5 vs 5 Forward 
   Center                   Left Wing                Right Wing               Time % Phy DF OF 
 1 Bryan Little             Chris Kreider            Mitchell Marner          29     0   2  3  
 2 MATHEW BARZAL            Max Pacioretty           Patrick Marleau          29     0   2  3  
 3 Ryan Strome              Nino Niederreiter        Reilly Smith             25     0   2  3  
 4 Andreas Athanasiou       Antoine Roussel          Sven Baertschi           17     0   2  3  

5 vs 5 Defense 
   Defense                  Defense                                           Time % Phy DF OF 
 1 Brent Seabrook           Francois Beauchemin                               32     0   3  2  
 2 Jake Muzzin              Brett Pesce                                       32     0   3  2  
 3 Alexei Emelin            Julian Melchiori                                  25     0   3  2  
 4 Brent Seabrook           Jake Muzzin                                       11     0   3  2  

PowerPlay Forward 
   Center                   Left Wing                Right Wing               Time % Phy DF OF 
 1 MATHEW BARZAL            Max Pacioretty           Patrick Marleau          50     0   1  4  
 2 Bryan Little             Chris Kreider            Nino Niederreiter        50     0   1  4  

PowerPlay Defense
   Defense                  Defense                                           Time % Phy DF OF 
 1 Brent Seabrook           Jake Muzzin                                       50     0   2  3  
 2 Brett Pesce              Francois Beauchemin                               50     0   2  3  

Penalty Kill 4 Players Forward 
   Center                   Wing                     Time % Phy DF OF 
 1 Ryan Strome              Antoine Roussel          60     0   4  1  
 2 Bryan Little             Reilly Smith             40     0   4  1  

Penalty Kill 4 Players Defense
   Defense                  Defense                  Time % Phy DF OF 
 1 Brett Pesce              Francois Beauchemin      60     0   5  0  
 2 Alexei Emelin            Jake Muzzin              40     0   5  0  

Penalty Kill - 3 Players Forward 
   Forward                                           Time % Phy DF OF 
 1 Reilly Smith                                      50     0   5  0  
 2 Antoine Roussel                                   50     0   5  0  

Penalty Kill - 3 Players Defense
   Defense                  Defense                  Time % Phy DF OF 
 1 Brent Seabrook           Francois Beauchemin      50     0   5  0  
 2 Jake Muzzin              Alexei Emelin            50     0   5  0  

4 vs 4 Forward 
   Center                   Wing                     Time % Phy DF OF 
 1 Patrick Marleau          Chris Kreider            50     0   2  3  
 2 Max Pacioretty           Nino Niederreiter        50     0   2  3  

4 vs 4 Defense
   Defense                  Defense                  Time % Phy DF OF 
 1 Brent Seabrook           Alexei Emelin            50     0   3  2  
 2 Jake Muzzin              Brett Pesce              50     0   3  2  

Last Minutes Offensive
   Center                   Left Wing                Right Wing               Defense                  Defense                  
   MATHEW BARZAL            Max Pacioretty           Patrick Marleau          Brent Seabrook           Jake Muzzin              

Last Minutes Defensive
   Center                   Left Wing                Right Wing               Defense                  Defense                  
   Bryan Little             Antoine Roussel          Reilly Smith             Francois Beauchemin      Brent Seabrook           

Goaltenders
Starting : Brian Elliott            
Backup : Robin Lehner             

Extra Forwards
Normal : Mitchell Marner, Nino Niederreiter, Antoine Roussel - PP : Reilly Smith, Ryan Strome - PK : MATHEW BARZAL
Extra Defensemen
Normal : Julian Melchiori, Brett Pesce, Francois Beauchemin - PP : Julian Melchiori - PK : Brett Pesce, Francois Beauchemin
Penalty Shots
Antoine Roussel, Brent Seabrook, Mitchell Marner, Bryan Little, Patrick Marleau
Custom OT Lines Forwards
Bryan Little, MATHEW BARZAL, Max Pacioretty, Mitchell Marner, Chris Kreider, Patrick Marleau, Nino Niederreiter, Reilly Smith, Ryan Strome, Sven Baertschi
Custom OT Lines Defensemen
Brent Seabrook, Jake Muzzin, Brett Pesce, Francois Beauchemin, Alexei Emelin

Scratches
Calvin de Haan (Chest/Ribs Injury), Steve Ott (Healthy), Taylor Chorney (Healthy), Taylor Beck (Healthy)

Maple Leafs

5 vs 5 Forward 
   Center                   Left Wing                Right Wing               Time % Phy DF OF 
 1 Logan Couture            Blake Comeau             Nikolaj Ehlers           40     1   2  2  
 2 Mike Hoffman             Bobby Ryan               Jesper Bratt             30     1   2  2  
 3 Lars Eller               Patrick Maroon           Tom Kostopoulos          20     1   2  2  
 4 Stephen Gionta           Sergey Kalinin           Nicklas Jensen           10     1   2  2  

5 vs 5 Defense 
   Defense                  Defense                                           Time % Phy DF OF 
 1 Hampus Lindholm          Jeff Petry                                        40     1   2  2  
 2 Toby Enstrom             Mikhail Sergachev                                 30     1   2  2  
 3 Brian Campbell           Troy Stecher                                      20     1   2  2  
 4 Steven Santini           Fredrik Claesson                                  10     1   2  2  

PowerPlay Forward 
   Center                   Left Wing                Right Wing               Time % Phy DF OF 
 1 Logan Couture            Blake Comeau             Nikolaj Ehlers           60     1   2  2  
 2 Mike Hoffman             Bobby Ryan               Jesper Bratt             40     1   2  2  

PowerPlay Defense
   Defense                  Defense                                           Time % Phy DF OF 
 1 Hampus Lindholm          Jeff Petry                                        60     1   2  2  
 2 Toby Enstrom             Mikhail Sergachev                                 40     1   2  2  

Penalty Kill 4 Players Forward 
   Center                   Wing                     Time % Phy DF OF 
 1 Logan Couture            Nikolaj Ehlers           60     1   2  2  
 2 Mike Hoffman             Blake Comeau             40     1   2  2  

Penalty Kill 4 Players Defense
   Defense                  Defense                  Time % Phy DF OF 
 1 Hampus Lindholm          Jeff Petry               60     1   2  2  
 2 Toby Enstrom             Mikhail Sergachev        40     1   2  2  

Penalty Kill - 3 Players Forward 
   Forward                                           Time % Phy DF OF 
 1 Logan Couture                                     60     1   2  2  
 2 Nikolaj Ehlers                                    40     1   2  2  

Penalty Kill - 3 Players Defense
   Defense                  Defense                  Time % Phy DF OF 
 1 Hampus Lindholm          Jeff Petry               60     1   2  2  
 2 Toby Enstrom             Mikhail Sergachev        40     1   2  2  

4 vs 4 Forward 
   Center                   Wing                     Time % Phy DF OF 
 1 Logan Couture            Nikolaj Ehlers           60     1   2  2  
 2 Mike Hoffman             Blake Comeau             40     1   2  2  

4 vs 4 Defense
   Defense                  Defense                  Time % Phy DF OF 
 1 Hampus Lindholm          Jeff Petry               60     1   2  2  
 2 Toby Enstrom             Mikhail Sergachev        40     1   2  2  

Last Minutes Offensive
   Center                   Left Wing                Right Wing               Defense                  Defense                  
   Logan Couture            Blake Comeau             Nikolaj Ehlers           Hampus Lindholm          Jeff Petry               

Last Minutes Defensive
   Center                   Left Wing                Right Wing               Defense                  Defense                  
   Logan Couture            Blake Comeau             Nikolaj Ehlers           Hampus Lindholm          Jeff Petry               

Goaltenders
Starting : Marc-Andre Fleury        
Backup : Petr Mrazek              

Extra Forwards
Normal : Patrick Maroon, Lars Eller, Tom Kostopoulos - PP : Patrick Maroon, Lars Eller - PK : Tom Kostopoulos
Extra Defensemen
Normal : Brian Campbell, Troy Stecher, Steven Santini - PP : Brian Campbell - PK : Troy Stecher, Steven Santini
Penalty Shots
Logan Couture, Nikolaj Ehlers, Mike Hoffman, Blake Comeau, Bobby Ryan
Custom OT Lines Forwards
Logan Couture, Nikolaj Ehlers, Mike Hoffman, Blake Comeau, Bobby Ryan, Patrick Maroon, Jesper Bratt, Lars Eller, Tom Kostopoulos, Stephen Gionta
Custom OT Lines Defensemen
Hampus Lindholm, Jeff Petry, Toby Enstrom, Mikhail Sergachev, Brian Campbell

Scratches
None


% Time on Ice - Canadiens

Lines # - Real PCT - Wanted PCT - Time Play
Normal Forward
1 - 28% - 29% - 13:19
2 - 26% - 29% - 12:32
3 - 24% - 25% - 11:22
4 - 23% - 17% - 10:53
Normal Defense
1 - 31% - 32% - 15:07
2 - 31% - 32% - 14:42
3 - 31% - 25% - 14:49
4 - 7% - 11% - 3:28
PP Forward
1 - 51% - 50% - 5:01
2 - 49% - 50% - 4:54
PP Defense
1 - 51% - 50% - 5:06
2 - 49% - 50% - 4:49
PK Forward
1 - 94% - 60% - 1:52
2 - 6% - 40% - 0:07
PK Defense
1 - 74% - 60% - 1:28
2 - 26% - 40% - 0:31
PK3 Forward
1 - 0% - 50%
2 - 0% - 50%
PK3 Defense
1 - 0% - 50%
2 - 0% - 50%
44 Forward
1 - 0% - 50%
2 - 0% - 50%
44 Defense
1 - 0% - 50%
2 - 0% - 50%
Last Minute Offensive  - 0:00
Last Minute Defensive  - 0:00
Total
Forward - 60:00
Defense - 60:00

% Time on Ice - Maple Leafs

Lines # - Real PCT - Wanted PCT - Time Play
Normal Forward
1 - 32% - 40% - 15:29
2 - 26% - 30% - 12:19
3 - 23% - 20% - 11:15
4 - 19% - 10% - 9:03
Normal Defense
1 - 35% - 40% - 16:39
2 - 29% - 30% - 13:54
3 - 25% - 20% - 12:03
4 - 11% - 10% - 5:30
PP Forward
1 - 61% - 60% - 1:13
2 - 39% - 40% - 0:46
PP Defense
1 - 64% - 60% - 1:16
2 - 36% - 40% - 0:43
PK Forward
1 - 72% - 60% - 7:09
2 - 28% - 40% - 2:46
PK Defense
1 - 60% - 60% - 5:56
2 - 40% - 40% - 3:59
PK3 Forward
1 - 0% - 60%
2 - 0% - 40%
PK3 Defense
1 - 0% - 60%
2 - 0% - 40%
44 Forward
1 - 0% - 60%
2 - 0% - 40%
44 Defense
1 - 0% - 60%
2 - 0% - 40%
Last Minute Offensive  - 0:00
Last Minute Defensive  - 0:00
Total
Forward - 60:00
Defense - 60:00

Play by Play

1st period


0:01 of 1st period - Logan Couture wins face-off versus Bryan Little in neutral zone.
0:16 of 1st period - Snap shot by Mitchell Marner.
0:16 of 1st period - Shot Blocked by Jeff Petry.
0:22 of 1st period - Minor Penalty to Blake Comeau for Interference.
0:23 of 1st period - MATHEW BARZAL wins face-off versus Logan Couture in Maple Leafs zone.
0:40 of 1st period - Slapshot by Patrick Marleau.
0:40 of 1st period - Shot Blocked by Hampus Lindholm.
0:50 of 1st period - Brent Seabrook is hit by Hampus Lindholm and loses puck.
2:22 of 1st period - Penalty to Blake Comeau is over, Blake Comeau is back on ice.
2:58 of 1st period - Slapshot by Sven Baertschi.
2:58 of 1st period - Shot Hit the Post.
3:00 of 1st period - Wrist shot by Antoine Roussel.
3:00 of 1st period - Stopped by Marc-Andre Fleury without a rebound.
3:01 of 1st period - Lars Eller wins face-off versus Ryan Strome in Maple Leafs zone.
3:01 of 1st period - Lars Eller is hit by Nino Niederreiter.
3:23 of 1st period - Logan Couture is hit by Alexei Emelin and loses puck.
4:02 of 1st period - Francois Beauchemin is hit by Stephen Gionta and loses puck.
4:17 of 1st period - Mikhail Sergachev is hit by Brett Pesce and loses puck.
4:22 of 1st period - Snap shot by Andreas Athanasiou.
4:22 of 1st period - Shot Blocked by Mikhail Sergachev.
4:24 of 1st period - Snap shot by Alexei Emelin.
4:24 of 1st period - Shot Misses the Net.
4:42 of 1st period - Blake Comeau is hit by Alexei Emelin and loses puck.
5:58 of 1st period - Minor Penalty to Blake Comeau for Hooking.
5:59 of 1st period - Logan Couture wins face-off versus Bryan Little in Maple Leafs zone.
6:09 of 1st period - Wrist shot by Bryan Little.
6:09 of 1st period - Shot Misses the Net.
6:38 of 1st period - Snap shot by Mike Hoffman.
6:38 of 1st period - Deflect By MATHEW BARZAL.
6:38 of 1st period - Shot Misses the Net.
6:38 of 1st period - Puck is out of play.
6:39 of 1st period - MATHEW BARZAL wins face-off versus Nikolaj Ehlers in Canadiens zone.
6:56 of 1st period - Slapshot by Patrick Marleau.
6:56 of 1st period - Shot Blocked by Hampus Lindholm.
7:08 of 1st period - Hampus Lindholm is hit by Nino Niederreiter and loses puck.
7:16 of 1st period - Slapshot by Jake Muzzin.
7:16 of 1st period - Stopped by Marc-Andre Fleury with a rebound.
7:18 of 1st period - Slapshot by Bryan Little.
7:18 of 1st period - Stopped by Marc-Andre Fleury without a rebound.
7:19 of 1st period - Logan Couture wins face-off versus Bryan Little in Maple Leafs zone.
7:33 of 1st period - Off-side.
7:34 of 1st period - Mike Hoffman wins face-off versus MATHEW BARZAL in neutral zone.
7:46 of 1st period - Icing by Max Pacioretty.
7:47 of 1st period - Logan Couture wins face-off versus MATHEW BARZAL in Canadiens zone.
7:58 of 1st period - Penalty to Blake Comeau is over, Blake Comeau is back on ice.
8:06 of 1st period - Backhand shot by MATHEW BARZAL.
8:06 of 1st period - Stopped by Marc-Andre Fleury with a rebound.
8:08 of 1st period - Wrist shot by Max Pacioretty.
8:08 of 1st period - Shot Blocked by Mike Hoffman.
8:10 of 1st period - Wrist shot by Francois Beauchemin.
8:10 of 1st period - Shot Misses the Net.
8:14 of 1st period - Slapshot by Max Pacioretty.
8:14 of 1st period - Stopped by Marc-Andre Fleury without a rebound.
8:15 of 1st period - Logan Couture wins face-off versus Ryan Strome in Maple Leafs zone.
8:20 of 1st period - Snap shot by Nikolaj Ehlers.
8:20 of 1st period - Shot Misses the Net.
8:25 of 1st period - Off-side.
8:26 of 1st period - Logan Couture wins face-off versus MATHEW BARZAL in neutral zone.
8:33 of 1st period - Slapshot by Nikolaj Ehlers.
8:33 of 1st period - Stopped by Brian Elliott without a rebound.
8:34 of 1st period - Max Pacioretty wins face-off versus Logan Couture in Canadiens zone.
9:01 of 1st period - Snap shot by Patrick Maroon.
9:01 of 1st period - Stopped by Brian Elliott without a rebound.
9:02 of 1st period - Lars Eller wins face-off versus Bryan Little in Canadiens zone.
9:03 of 1st period - Wrist shot by Patrick Maroon.
9:03 of 1st period - Shot Misses the Net.
9:27 of 1st period - Brent Seabrook is hit by Logan Couture and loses puck.
10:02 of 1st period - Wrist shot by Sven Baertschi.
10:02 of 1st period - Stopped by Marc-Andre Fleury without a rebound.
10:03 of 1st period - Logan Couture wins face-off versus MATHEW BARZAL in Maple Leafs zone.
10:18 of 1st period - Wrist shot by Nikolaj Ehlers.
10:18 of 1st period - Stopped by Brian Elliott without a rebound.
10:19 of 1st period - Mike Hoffman wins face-off versus Mitchell Marner in Canadiens zone.
10:24 of 1st period - Snap shot by Mike Hoffman.
10:24 of 1st period - Goal by Mike Hoffman - Canadiens : 0 - Maple Leafs : 1.
10:25 of 1st period - Bryan Little wins face-off versus Logan Couture in neutral zone.
11:04 of 1st period - Snap shot by MATHEW BARZAL.
11:04 of 1st period - Shot Blocked by Mike Hoffman.
11:14 of 1st period - Francois Beauchemin is hit by Lars Eller and loses puck.
11:21 of 1st period - Wrist shot by Patrick Maroon.
11:21 of 1st period - Shot Misses the Net.
11:23 of 1st period - Wrist shot by Tom Kostopoulos.
11:23 of 1st period - Shot Misses the Net.
11:25 of 1st period - Slapshot by Patrick Maroon.
11:25 of 1st period - Stopped by Brian Elliott without a rebound.
11:26 of 1st period - Logan Couture wins face-off versus Bryan Little in Canadiens zone.
11:27 of 1st period - Slapshot by Nikolaj Ehlers.
11:27 of 1st period - Stopped by Brian Elliott with a rebound.
11:35 of 1st period - Slapshot by Chris Kreider.
11:35 of 1st period - Shot Misses the Net.
11:37 of 1st period - Slapshot by Alexei Emelin.
11:37 of 1st period - Stopped by Marc-Andre Fleury without a rebound.
11:38 of 1st period - Logan Couture wins face-off versus Ryan Strome in Maple Leafs zone.
12:44 of 1st period - Snap shot by Nicklas Jensen.
12:44 of 1st period - Stopped by Brian Elliott without a rebound.
12:45 of 1st period - Stephen Gionta wins face-off versus Andreas Athanasiou in Canadiens zone.
13:30 of 1st period - Nino Niederreiter is hit by Patrick Maroon and loses puck.
13:43 of 1st period - Slapshot by Patrick Maroon.
13:43 of 1st period - Shot Misses the Net.
14:45 of 1st period - Snap shot by Andreas Athanasiou.
14:45 of 1st period - Stopped by Marc-Andre Fleury with a rebound.
14:51 of 1st period - Minor Penalty to Nicklas Jensen for Hooking.
14:52 of 1st period - Bryan Little wins face-off versus Logan Couture in Maple Leafs zone.
14:57 of 1st period - Wrist shot by Chris Kreider.
14:57 of 1st period - Stopped by Marc-Andre Fleury without a rebound.
14:58 of 1st period - Chris Kreider wins face-off versus Nikolaj Ehlers in Maple Leafs zone.
15:31 of 1st period - Snap shot by Max Pacioretty.
15:31 of 1st period - Shot Blocked by Nikolaj Ehlers.
15:33 of 1st period - Slapshot by Jake Muzzin.
15:33 of 1st period - Shot Misses the Net.
16:51 of 1st period - Penalty to Nicklas Jensen is over, Nicklas Jensen is back on ice.
17:44 of 1st period - Troy Stecher is hit by Julian Melchiori.
18:10 of 1st period - Slapshot by Nikolaj Ehlers.
18:10 of 1st period - Stopped by Brian Elliott with a rebound.
18:38 of 1st period - Slapshot by Hampus Lindholm.
18:38 of 1st period - Stopped by Brian Elliott with a rebound.
18:52 of 1st period - Julian Melchiori is hit by Logan Couture and loses puck.
19:54 of 1st period - Slapshot by Mikhail Sergachev.
19:54 of 1st period - Shot Misses the Net.
19:56 of 1st period - Slapshot by Toby Enstrom.
19:56 of 1st period - Deflect By Sergey Kalinin.
19:56 of 1st period - Stopped by Brian Elliott without a rebound.
19:57 of 1st period - Blake Comeau wins face-off versus MATHEW BARZAL in Canadiens zone.
19:58 of 1st period - Snap shot by Nikolaj Ehlers.
19:58 of 1st period - Stopped by Brian Elliott without a rebound.
19:59 of 1st period - MATHEW BARZAL wins face-off versus Logan Couture in Canadiens zone.
Goals for this period are 0 for Canadiens vs 1 for Maple Leafs.
Shots for this period are 9 for Canadiens vs 11 for Maple Leafs.

2nd period


0:01 of 2nd period - Logan Couture wins face-off versus Bryan Little in neutral zone.
0:04 of 2nd period - Slapshot by Jeff Petry.
0:04 of 2nd period - Deflect By Logan Couture.
0:04 of 2nd period - Shot Misses the Net.
0:04 of 2nd period - Puck is out of play.
0:05 of 2nd period - Bryan Little wins face-off versus Nikolaj Ehlers in Canadiens zone.
0:10 of 2nd period - Backhand shot by Chris Kreider.
0:10 of 2nd period - Stopped by Marc-Andre Fleury without a rebound.
0:11 of 2nd period - Logan Couture wins face-off versus Bryan Little in Maple Leafs zone.
0:11 of 2nd period - Logan Couture is hit by Mitchell Marner.
0:40 of 2nd period - Wrist shot by Patrick Marleau.
0:40 of 2nd period - Shot Hit the Post.
0:44 of 2nd period - Snap shot by Patrick Marleau.
0:44 of 2nd period - Shot Misses the Net.
0:46 of 2nd period - Snap shot by Patrick Marleau.
0:46 of 2nd period - Stopped by Marc-Andre Fleury with a rebound.
0:48 of 2nd period - Snap shot by Max Pacioretty.
0:48 of 2nd period - Shot Misses the Net.
0:58 of 2nd period - Snap shot by Mike Hoffman.
0:58 of 2nd period - Shot Misses the Net.
1:20 of 2nd period - Snap shot by Andreas Athanasiou.
1:20 of 2nd period - Stopped by Marc-Andre Fleury without a rebound.
1:21 of 2nd period - Andreas Athanasiou wins face-off versus Stephen Gionta in Maple Leafs zone.
1:59 of 2nd period - Wrist shot by Sven Baertschi.
1:59 of 2nd period - Shot Blocked by Sergey Kalinin.
2:03 of 2nd period - Snap shot by Antoine Roussel.
2:03 of 2nd period - Shot Blocked by Sergey Kalinin.
2:05 of 2nd period - Slapshot by Julian Melchiori.
2:05 of 2nd period - Shot Blocked by Brian Campbell.
2:07 of 2nd period - Slapshot by Alexei Emelin.
2:07 of 2nd period - Stopped by Marc-Andre Fleury with a rebound.
2:09 of 2nd period - Wrist shot by Sven Baertschi.
2:09 of 2nd period - Shot Blocked by Troy Stecher.
2:11 of 2nd period - Slapshot by Julian Melchiori.
2:11 of 2nd period - Deflect By Antoine Roussel.
2:11 of 2nd period - Stopped by Marc-Andre Fleury with a rebound.
2:13 of 2nd period - Slapshot by Julian Melchiori.
2:13 of 2nd period - Deflect By Sven Baertschi.
2:13 of 2nd period - Stopped by Marc-Andre Fleury with a rebound.
2:15 of 2nd period - Slapshot by Julian Melchiori.
2:15 of 2nd period - Deflect By Sven Baertschi.
2:15 of 2nd period - Stopped by Marc-Andre Fleury with a rebound.
2:17 of 2nd period - Snap shot by Julian Melchiori.
2:17 of 2nd period - Stopped by Marc-Andre Fleury with a rebound.
2:19 of 2nd period - Wrist shot by Andreas Athanasiou.
2:19 of 2nd period - Shot Blocked by Troy Stecher.
2:21 of 2nd period - Slapshot by Julian Melchiori.
2:21 of 2nd period - Shot Blocked by Nicklas Jensen.
2:23 of 2nd period - Snap shot by Antoine Roussel.
2:23 of 2nd period - Goal by Antoine Roussel - Canadiens : 1 - Maple Leafs : 1.
2:24 of 2nd period - Bryan Little wins face-off versus Logan Couture in neutral zone.
2:49 of 2nd period - Mikhail Sergachev is hit by Ryan Strome.
2:55 of 2nd period - Mikhail Sergachev is hit by Nino Niederreiter and loses puck.
3:14 of 2nd period - Snap shot by Patrick Maroon.
3:14 of 2nd period - Shot Misses the Net.
3:16 of 2nd period - Slapshot by Toby Enstrom.
3:16 of 2nd period - Stopped by Brian Elliott with a rebound.
3:18 of 2nd period - Slapshot by Toby Enstrom.
3:18 of 2nd period - Shot Misses the Net.
4:08 of 2nd period - Snap shot by Hampus Lindholm.
4:08 of 2nd period - Stopped by Brian Elliott with a rebound.
4:10 of 2nd period - Slapshot by Bobby Ryan.
4:10 of 2nd period - Shot Misses the Net.
4:12 of 2nd period - Backhand shot by Mike Hoffman.
4:12 of 2nd period - Shot Misses the Net.
4:32 of 2nd period - Snap shot by Lars Eller.
4:32 of 2nd period - Stopped by Brian Elliott with a rebound.
4:34 of 2nd period - Slapshot by Brian Campbell.
4:34 of 2nd period - Shot Blocked by Brett Pesce.
4:36 of 2nd period - Snap shot by Patrick Maroon.
4:36 of 2nd period - Stopped by Brian Elliott without a rebound.
4:37 of 2nd period - Nikolaj Ehlers wins face-off versus MATHEW BARZAL in Canadiens zone.
4:44 of 2nd period - Slapshot by Nikolaj Ehlers.
4:44 of 2nd period - Stopped by Brian Elliott without a rebound.
4:45 of 2nd period - MATHEW BARZAL wins face-off versus Logan Couture in Canadiens zone.
5:30 of 2nd period - Snap shot by Logan Couture.
5:30 of 2nd period - Stopped by Brian Elliott with a rebound.
5:32 of 2nd period - Snap shot by Logan Couture.
5:32 of 2nd period - Stopped by Brian Elliott with a rebound.
5:34 of 2nd period - Slapshot by Troy Stecher.
5:34 of 2nd period - Shot Misses the Net.
5:36 of 2nd period - Wrist shot by Blake Comeau.
5:36 of 2nd period - Shot Misses the Net.
5:44 of 2nd period - Wrist shot by Nikolaj Ehlers.
5:44 of 2nd period - Shot Blocked by MATHEW BARZAL.
5:48 of 2nd period - Wrist shot by Blake Comeau.
5:48 of 2nd period - Shot Blocked by Patrick Marleau.
5:50 of 2nd period - Snap shot by Logan Couture.
5:50 of 2nd period - Shot Blocked by MATHEW BARZAL.
5:56 of 2nd period - Wrist shot by Nikolaj Ehlers.
5:56 of 2nd period - Stopped by Brian Elliott with a rebound.
5:58 of 2nd period - Wrist shot by Logan Couture.
5:58 of 2nd period - Shot Blocked by Alexei Emelin.
6:00 of 2nd period - Snap shot by Nikolaj Ehlers.
6:00 of 2nd period - Shot Misses the Net.
6:02 of 2nd period - Snap shot by Nikolaj Ehlers.
6:02 of 2nd period - Stopped by Brian Elliott without a rebound.
6:03 of 2nd period - Mike Hoffman wins face-off versus Bryan Little in Canadiens zone.
6:53 of 2nd period - Icing by Ryan Strome.
6:54 of 2nd period - Andreas Athanasiou wins face-off versus Stephen Gionta in Canadiens zone.
8:03 of 2nd period - Wrist shot by Nikolaj Ehlers.
8:03 of 2nd period - Stopped by Brian Elliott with a rebound.
8:05 of 2nd period - Slapshot by Blake Comeau.
8:05 of 2nd period - Shot Blocked by Jake Muzzin.
8:07 of 2nd period - Wrist shot by Nikolaj Ehlers.
8:07 of 2nd period - Shot Misses the Net.
8:09 of 2nd period - Snap shot by Mikhail Sergachev.
8:09 of 2nd period - Shot Blocked by Jake Muzzin.
8:59 of 2nd period - Blake Comeau is hit by Julian Melchiori and loses puck.
9:08 of 2nd period - Snap shot by Ryan Strome.
9:08 of 2nd period - Stopped by Marc-Andre Fleury with a rebound.
9:32 of 2nd period - Backhand shot by Patrick Maroon.
9:32 of 2nd period - Shot Misses the Net.
9:52 of 2nd period - Snap shot by Sergey Kalinin.
9:52 of 2nd period - Shot Misses the Net.
10:23 of 2nd period - Icing by Mitchell Marner.
10:24 of 2nd period - Logan Couture wins face-off versus Bryan Little in Canadiens zone.
10:59 of 2nd period - Wrist shot by MATHEW BARZAL.
10:59 of 2nd period - Stopped by Marc-Andre Fleury with a rebound.
11:21 of 2nd period - Wrist shot by Patrick Maroon.
11:21 of 2nd period - Stopped by Brian Elliott without a rebound.
11:22 of 2nd period - MATHEW BARZAL wins face-off versus Blake Comeau in Canadiens zone.
11:35 of 2nd period - Wrist shot by MATHEW BARZAL.
11:35 of 2nd period - Stopped by Marc-Andre Fleury with a rebound.
11:37 of 2nd period - Slapshot by Max Pacioretty.
11:37 of 2nd period - Goal by Max Pacioretty - Canadiens : 2 - Maple Leafs : 1.
11:38 of 2nd period - Logan Couture wins face-off versus Bryan Little in neutral zone.
11:47 of 2nd period - Wrist shot by Logan Couture.
11:47 of 2nd period - Deflect By Nikolaj Ehlers.
11:47 of 2nd period - Stopped by Brian Elliott without a rebound.
11:48 of 2nd period - Bryan Little wins face-off versus Logan Couture in Canadiens zone.
11:48 of 2nd period - Bryan Little is hit by Logan Couture.
12:00 of 2nd period - Snap shot by Mitchell Marner.
12:00 of 2nd period - Stopped by Marc-Andre Fleury with a rebound.
12:02 of 2nd period - Slapshot by Chris Kreider.
12:02 of 2nd period - Stopped by Marc-Andre Fleury without a rebound.
12:03 of 2nd period - MATHEW BARZAL wins face-off versus Mike Hoffman in Maple Leafs zone.
12:14 of 2nd period - Slapshot by Patrick Marleau.
12:14 of 2nd period - Stopped by Marc-Andre Fleury without a rebound.
12:15 of 2nd period - Logan Couture wins face-off versus Bryan Little in Maple Leafs zone.
12:17 of 2nd period - Minor Penalty to Nikolaj Ehlers for High sticking.
12:18 of 2nd period - Bryan Little wins face-off versus Logan Couture in Maple Leafs zone.
14:17 of 2nd period - Penalty to Nikolaj Ehlers is over, Nikolaj Ehlers is back on ice.
14:32 of 2nd period - Lars Eller is hit by Antoine Roussel and loses puck.
14:43 of 2nd period - Sergey Kalinin is hit by Alexei Emelin.
15:11 of 2nd period - Nikolaj Ehlers is hit by Antoine Roussel and loses puck.
16:06 of 2nd period - Snap shot by Reilly Smith.
16:06 of 2nd period - Shot Blocked by Hampus Lindholm.
16:18 of 2nd period - Bryan Little is hit by Patrick Maroon and loses puck.
17:37 of 2nd period - Wrist shot by Mike Hoffman.
17:37 of 2nd period - Stopped by Brian Elliott with a rebound.
17:39 of 2nd period - Snap shot by Jesper Bratt.
17:39 of 2nd period - Stopped by Brian Elliott with a rebound.
17:41 of 2nd period - Slapshot by Mike Hoffman.
17:41 of 2nd period - Stopped by Brian Elliott with a rebound.
18:16 of 2nd period - Snap shot by Andreas Athanasiou.
18:16 of 2nd period - Stopped by Marc-Andre Fleury with a rebound.
18:33 of 2nd period - Minor Penalty to Chris Kreider for Hooking.
18:34 of 2nd period - Ryan Strome wins face-off versus Logan Couture in Canadiens zone.
19:00 of 2nd period - Brett Pesce is hit by Mike Hoffman.
19:20 of 2nd period - Blake Comeau is hit by Alexei Emelin and loses puck.
19:31 of 2nd period - Wrist shot by Reilly Smith.
19:31 of 2nd period - Goal by Reilly Smith - Canadiens : 3 - Maple Leafs : 1.
19:32 of 2nd period - Ryan Strome wins face-off versus Logan Couture in neutral zone.
Goals for this period are 3 for Canadiens vs 0 for Maple Leafs.
Shots for this period are 18 for Canadiens vs 15 for Maple Leafs.

3rd period


0:01 of 3rd period - Logan Couture wins face-off versus Ryan Strome in neutral zone.
0:16 of 3rd period - Brett Pesce is hit by Blake Comeau.
0:26 of 3rd period - Antoine Roussel is hit by Mike Hoffman and loses puck.
0:33 of 3rd period - Penalty to Chris Kreider is over, Chris Kreider is back on ice.
0:54 of 3rd period - Toby Enstrom is hit by Patrick Marleau and loses puck.
1:21 of 3rd period - Toby Enstrom is hit by Mitchell Marner and loses puck.
1:28 of 3rd period - Bryan Little is hit by Nikolaj Ehlers and loses puck.
1:39 of 3rd period - Wrist shot by Logan Couture.
1:39 of 3rd period - Stopped by Brian Elliott without a rebound.
1:40 of 3rd period - MATHEW BARZAL wins face-off versus Mike Hoffman in Canadiens zone.
2:27 of 3rd period - Icing by Antoine Roussel.
2:28 of 3rd period - Andreas Athanasiou wins face-off versus Stephen Gionta in Canadiens zone.
2:34 of 3rd period - Icing by Jake Muzzin.
2:35 of 3rd period - Logan Couture wins face-off versus Andreas Athanasiou in Canadiens zone.
2:38 of 3rd period - Wrist shot by Nikolaj Ehlers.
2:38 of 3rd period - Stopped by Brian Elliott without a rebound.
2:39 of 3rd period - Bryan Little wins face-off versus Logan Couture in Canadiens zone.
2:46 of 3rd period - Snap shot by Bryan Little.
2:46 of 3rd period - Shot Blocked by Jeff Petry.
2:54 of 3rd period - Wrist shot by Logan Couture.
2:54 of 3rd period - Stopped by Brian Elliott with a rebound.
5:09 of 3rd period - Wrist shot by Lars Eller.
5:09 of 3rd period - Shot Blocked by Brent Seabrook.
5:19 of 3rd period - Wrist shot by Reilly Smith.
5:19 of 3rd period - Shot Misses the Net.
5:31 of 3rd period - Slapshot by Ryan Strome.
5:31 of 3rd period - Stopped by Marc-Andre Fleury without a rebound.
5:32 of 3rd period - Bryan Little wins face-off versus Logan Couture in Maple Leafs zone.
5:33 of 3rd period - Snap shot by Chris Kreider.
5:33 of 3rd period - Shot Misses the Net.
5:57 of 3rd period - Bobby Ryan is hit by Max Pacioretty and loses puck.
6:52 of 3rd period - Snap shot by Logan Couture.
6:52 of 3rd period - Stopped by Brian Elliott with a rebound.
7:16 of 3rd period - Minor Penalty to Patrick Maroon for Hooking.
7:17 of 3rd period - Logan Couture wins face-off versus Chris Kreider in Maple Leafs zone.
7:32 of 3rd period - Hampus Lindholm is hit by Jake Muzzin and loses puck.
9:10 of 3rd period - Mikhail Sergachev is hit by MATHEW BARZAL and loses puck.
9:16 of 3rd period - Penalty to Patrick Maroon is over, Patrick Maroon is back on ice.
9:39 of 3rd period - Wrist shot by Patrick Maroon.
9:39 of 3rd period - Shot Blocked by Alexei Emelin.
10:13 of 3rd period - Snap shot by Antoine Roussel.
10:13 of 3rd period - Shot Blocked by Mikhail Sergachev.
10:31 of 3rd period - Wrist shot by Patrick Maroon.
10:31 of 3rd period - Shot Misses the Net.
10:33 of 3rd period - Snap shot by Logan Couture.
10:33 of 3rd period - Shot Misses the Net.
10:35 of 3rd period - Snap shot by Logan Couture.
10:35 of 3rd period - Shot Misses the Net.
10:43 of 3rd period - Snap shot by Nikolaj Ehlers.
10:43 of 3rd period - Shot Blocked by Alexei Emelin.
10:45 of 3rd period - Wrist shot by Mikhail Sergachev.
10:45 of 3rd period - Shot Blocked by Julian Melchiori.
10:47 of 3rd period - Snap shot by Logan Couture.
10:47 of 3rd period - Stopped by Brian Elliott with a rebound.
10:49 of 3rd period - Slapshot by Mikhail Sergachev.
10:49 of 3rd period - Deflect By Logan Couture.
10:49 of 3rd period - Stopped by Brian Elliott with a rebound.
10:51 of 3rd period - Snap shot by Toby Enstrom.
10:51 of 3rd period - Stopped by Brian Elliott with a rebound.
10:53 of 3rd period - Snap shot by Logan Couture.
10:53 of 3rd period - Stopped by Brian Elliott with a rebound.
10:57 of 3rd period - Snap shot by Nikolaj Ehlers.
10:57 of 3rd period - Stopped by Brian Elliott with a rebound.
10:59 of 3rd period - Slapshot by Mikhail Sergachev.
10:59 of 3rd period - Deflect By Logan Couture.
10:59 of 3rd period - Stopped by Brian Elliott without a rebound.
11:00 of 3rd period - Mike Hoffman wins face-off versus MATHEW BARZAL in Canadiens zone.
12:05 of 3rd period - Snap shot by Stephen Gionta.
12:05 of 3rd period - Shot Misses the Net.
12:11 of 3rd period - Stephen Gionta is hit by Brent Seabrook and loses puck.
12:54 of 3rd period - Wrist shot by Mitchell Marner.
12:54 of 3rd period - Shot Blocked by Steven Santini.
13:03 of 3rd period - Off-side.
13:04 of 3rd period - MATHEW BARZAL wins face-off versus Stephen Gionta in neutral zone.
13:31 of 3rd period - Wrist shot by Stephen Gionta.
13:31 of 3rd period - Stopped by Brian Elliott with a rebound.
13:33 of 3rd period - Slapshot by Brian Campbell.
13:33 of 3rd period - Deflect By Mike Hoffman.
13:33 of 3rd period - Stopped by Brian Elliott without a rebound.
13:34 of 3rd period - Mike Hoffman wins face-off versus Bryan Little in Canadiens zone.
14:20 of 3rd period - Brent Seabrook is hit by Stephen Gionta and loses puck.
15:16 of 3rd period - Slapshot by Patrick Maroon.
15:16 of 3rd period - Shot Misses the Net.
15:57 of 3rd period - Snap shot by MATHEW BARZAL.
15:57 of 3rd period - Shot Blocked by Hampus Lindholm.
15:59 of 3rd period - Snap shot by Patrick Marleau.
15:59 of 3rd period - Deflect By MATHEW BARZAL.
15:59 of 3rd period - Stopped by Marc-Andre Fleury with a rebound.
16:01 of 3rd period - Snap shot by Jake Muzzin.
16:01 of 3rd period - Shot Blocked by Hampus Lindholm.
16:03 of 3rd period - Snap shot by Max Pacioretty.
16:03 of 3rd period - Stopped by Marc-Andre Fleury without a rebound.
16:04 of 3rd period - Lars Eller wins face-off versus Max Pacioretty in Maple Leafs zone.
17:01 of 3rd period - Snap shot by Nino Niederreiter.
17:01 of 3rd period - Shot Misses the Net.
17:45 of 3rd period - Wrist shot by Mitchell Marner.
17:45 of 3rd period - Stopped by Marc-Andre Fleury with a rebound.
17:47 of 3rd period - Slapshot by Julian Melchiori.
17:47 of 3rd period - Stopped by Marc-Andre Fleury without a rebound.
17:48 of 3rd period - Logan Couture wins face-off versus Bryan Little in Maple Leafs zone.
18:13 of 3rd period - Julian Melchiori is hit by Hampus Lindholm.
18:21 of 3rd period - Slapshot by Bobby Ryan.
18:21 of 3rd period - Shot Misses the Net.
18:39 of 3rd period - Antoine Roussel is hit by Patrick Maroon.
19:57 of 3rd period - Hampus Lindholm is hit by Chris Kreider and loses puck.
Goals for this period are 0 for Canadiens vs 0 for Maple Leafs.
Shots for this period are 5 for Canadiens vs 12 for Maple Leafs.